 Dungeon Crawl Stone Soup version 0.31.0-11-ge490571c62 (webtiles) character file.

Game seed: 5956610860164155104

292972 Flugkiller the Worldbinder (level 19, -5/98 HPs)
             Began as a Vine Stalker Ice Elementalist on Feb 2, 2024.
             Was a High Priest of Sif Muna.
             Slain by an azure jelly (6 damage)
             ... on level 3 of the Pits of Slime.
             The game lasted 02:04:44 (11886 turns).

Flugkiller the Worldbinder (VSIE)                  Turns: 11886, Time: 02:04:44

Health: -5/98      AC:  9    Str: 10    XL:     19   Next: 70%
Magic:  0/49       EV: 15    Int: 33    God:    Sif Muna [*****.]
Gold:   1805       SH:  0    Dex: 16    Spells: 17/51 levels left

rFire   . . .        p - +5 orcbow of Responsibility {elec, rPois MP+9 Str+3}
rCold   . . .        (shield currently unavailable)
rNeg    + . .        R - +0 robe of Xiopneid {rElec Str-5 Int+2 Archmagi}
rPois   +            S - +2 hat
rElec   +            (no cloak)
rCorr   +            K - +1 pair of gloves of Starshine {rElec rN+ Slay+3}
SInv    .            M - +2 pair of boots of the Contumacious God {+Inv Int+4 Slay+3 Stlth+}
Will    ++...        J - amulet of regeneration
Stlth   +++          r - ring of resist corrosion
HPRegen 1.96/turn    I - +6 ring of intelligence
MPRegen 0.31/turn

%: guardian spirit, archmagi
@: forested, calling dragons
A: fangs 3, regeneration 1, magic shield, antimagic bite, no potion heal 2
}: 2/15 runes: serpentine, barnacled
a: Renounce Religion, Evoke Invisibility, Channel Magic, Forget Spell, Divine
Exegesis


You were on level 3 of the Pits of Slime.
You worshipped Sif Muna.
Sif Muna was extremely pleased with you.
You visited 8 branches of the dungeon, and saw 34 of its levels.
You also visited: Bailey and Ice Cave.

You collected 3686 gold pieces.
You spent 1881 gold pieces at shops.

Inventory:

Hand Weapons
 p - the +5 orcbow of Responsibility (weapon) {elec, rPois MP+9 Str+3}
   (You found it on level 2 of the Snake Pit)

   Str+3:     It affects your strength (+3).
   rPois:     It protects you from poison MP+9: It affects your magic capacity
   (+9).
 B - the +6 glaive of Ignis's Hope {chaos, rPois rF+}
   (You found it on level 5 of the Lair of Beasts)

   rF+:       It protects you from fire.
   rPois:     It protects you from poison
Missiles
 A - 6 curare-tipped darts
 X - a throwing net
Armour
 d - the +4 ring mail "Hulimn" {rCorr Str+7 Dex-4 SInv}
   (You found it on level 3 of the Elven Halls)

   Str+7:     It affects your strength (+7).
   Dex-4:     It affects your dexterity (-4).
   SInv:      It lets you see invisible.
   rCorr:     It protects you from acid and corrosion.
 k - a +1 kite shield of protection
   (You took it off Asterion on level 3 of the Elven Halls)
 u - an orb of energy
   (You took it off a kobold in a bailey)
 D - the +3 leather armour "Zujy" {rElec rC++}
   (You took it off a kobold on level 8 of the Dungeon)

   rC++:      It greatly protects you from cold.
   rElec:     It insulates you from electricity.
 K - the +1 pair of gloves of Starshine (worn) {rElec rN+ Slay+3}
   (You took it off Nikola on level 2 of the Snake Pit)

   Slay+3:    It affects your accuracy & damage with ranged weapons and melee
   (+3).
   rElec:     It insulates you from electricity.
   rN+:       It protects you from negative energy.
 M - the +2 pair of boots of the Contumacious God (worn) {+Inv Int+4 Slay+3 Stlth+}
   (You found it on level 6 of the Dungeon)

   Int+4:     It affects your intelligence (+4).
   Slay+3:    It affects your accuracy & damage with ranged weapons and melee
   (+3).
   +Inv:      It lets you turn invisible.
   Stlth+:    It makes you more stealthy.
 R - the +0 robe of Xiopneid (worn) {rElec Str-5 Int+2 Archmagi}
   (You found it on level 1 of the Lair of Beasts)

   Str-5:     It affects your strength (-5).
   Int+2:     It affects your intelligence (+2).
   rElec:     It insulates you from electricity.
   Archmagi:  It increases the power of your magical spells.
 S - a +2 hat (worn)
   (You took it off Gastronok on level 1 of the Lair of Beasts)
Magical Staves
 g - the staff "Aneanaom" {Will++ Dex+5 Earth}
   (You found it on level 3 of the Elven Halls)

   [staff of earth]

   Base accuracy: +5 Base damage: 5 Base attack delay: 1.2 This weapon's minimum
   attack delay (0.6) is reached at skill level 12.
   Dex+5:     It affects your dexterity (+5).
   Will++:    It greatly increases your willpower.
   Earth:     It increases the power of your Earth spells.
   It falls into the 'Staves' category.
   It is a one-handed weapon.
 Z - the staff of Courage {rF+ Earth}
   (You found it on level 3 of the Elven Halls)

   [staff of earth]

   Base accuracy: +5 Base damage: 5 Base attack delay: 1.2 This weapon's minimum
   attack delay (0.6) is reached at skill level 12.
   rF+:       It protects you from fire.
   Earth:     It increases the power of your Earth spells.
   It falls into the 'Staves' category.
   It is a one-handed weapon.
Jewellery
 c - a ring of wizardry
   (You bought it in a shop on level 7 of the Dungeon)
 i - a ring of see invisible
   (You found it on level 3 of the Lair of Beasts)
 l - a ring of positive energy
   (You found it on level 1 of the Elven Halls)
 r - a ring of resist corrosion (left hand)
   (You took it off a deep elf annihilator on level 3 of the Elven Halls)
 v - a +5 ring of evasion
   (You found it on level 1 of the Dungeon)
 y - the macabre finger necklace {Finger+ rN+}
   (You took it off a deep elf death mage on level 3 of the Elven Halls)

   [amulet of nothing]

   Finger+:   It enables you to equip an extra ring.
   rN+:       It protects you from negative energy.
 I - a +6 ring of intelligence (right hand)
   (You bought it in a shop on level 7 of the Dungeon)
 J - an amulet of regeneration (around neck)
   (You found it on level 8 of the Dungeon)
 Q - a ring of ice
   (You took it off Fannar on level 11 of the Dungeon)
 Y - a ring of flight
   (You took it off a kobold in a bailey)
Talismans
 V - the granite talisman "Tethipro" {Str+5}
   (You found it on level 3 of the Elven Halls)

   [granite talisman]

   Str+5:     It affects your strength (+5).
Wands
 f - a wand of digging (13)
   (You found it on level 6 of the Dungeon)
 x - a wand of acid (17)
   (You found it on level 7 of the Dungeon)
 C - a wand of roots (21)
   (You took it off a kobold on level 8 of the Dungeon)
 G - a wand of mindburst (21)
   (You found it on level 8 of the Dungeon)
 U - a wand of charming (36)
   (You found it on level 2 of the Lair of Beasts)
Scrolls
 e - 3 scrolls of poison
 n - 3 scrolls of amnesia
 t - 9 scrolls of teleportation
 w - 3 scrolls of revelation
 z - a scroll of blinking
 F - 2 scrolls of torment
 H - 2 scrolls of fear
 N - 2 scrolls of enchant armour
 O - 3 scrolls of immolation
 P - 2 scrolls of summoning
 T - 2 scrolls of fog
 W - 4 scrolls of vulnerability
Potions
 a - 7 potions of mutation
 b - a potion of brilliance
 h - 2 potions of haste
 m - 2 potions of cancellation
 o - 7 potions of enlightenment
 q - 9 potions of curing
 s - 4 potions of ambrosia
 E - 5 potions of lignification
 L - a potion of invisibility
Miscellaneous
 j - a lightning rod (4/4)
   (You found it on level 5 of the Lair of Beasts)


   Skills:
 - Level 9.8 Fighting
 - Level 6.0 Dodging
 - Level 2.4 Stealth
 - Level 16.8 Spellcasting
 - Level 24.0 Summonings
 - Level 4.0 Translocations
 - Level 6.0 Ice Magic
 - Level 12.0 Invocations
 + Level 6.5 Shapeshifting


You had 17 spell levels left.
You knew the following spells:

 Your Spells              Type           Power      Damage    Failure   Level
a - Freeze                Ice            100%       1d10      1%          1
b - Frozen Ramparts       Ice            100%       1d16      1%          3
c - Ozocubu's Armour      Ice            79%        N/A       1%          3
e - Summon Forest         Summ/Tloc      55%        N/A       1%          5
f - Summon Cactus Giant   Summ           67%        N/A       0%          6
g - Passwall              Erth           41%        N/A       4%          3
h - Dragon's Call         Summ           67%        N/A       8%          9
i - Passage of Golubria   Tloc           69%        N/A       2%          4

Your spell library contained the following spells:

 Spells                   Type           Power      Damage    Failure   Level
 Summon Small Mammal      Summ           100%       N/A       0%          1
 Call Imp                 Summ           100%       N/A       0%          2
 Summon Ice Beast         Ice/Summ       100%       N/A       0%          3
 Kiss of Death            Conj/Necr      100%       2d13      1%          1
 Magic Dart               Conj           100%       1d8       1%          1
 Sting                    Conj/Alch      100%       1d9       1%          1
 Blink                    Tloc           100%       N/A       1%          2
 Ensorcelled Hibernation  Hex/Ice        100%       N/A       1%          2
 Momentum Strike          Conj/Tloc      100%       3d10      1%          2
 Gell's Gravitas          Tloc           69%        N/A       1%          3
 Hailstorm                Conj/Ice       63%        3d12      1%          3
 Teleport Other           Tloc           69%        N/A       1%          3
 Volatile Blastmotes      Fire/Tloc      100%       2d18      1%          3
 Animate Armour           Summ/Erth      100%       N/A       1%          4
 Martyr's Knell           Necr/Summ      100%       N/A       1%          4
 Summon Blazeheart Golem  Fire/Summ      100%       N/A       1%          4
 Summon Mana Viper        Hex/Summ       100%       N/A       1%          5
 Monstrous Menagerie      Summ           67%        N/A       1%          7
 Summon Hydra             Summ           67%        N/A       1%          7
 Summon Horrible Things   Summ           67%        N/A       1%          8
 Cigotuvi's Dreadful Rot  Necr/Alch/Air  82%        N/A       2%          2
 Searing Ray              Conj           82%        2d7       2%          2
 Malign Gateway           Summ/Tloc      55%        N/A       3%          7
 Confusing Touch          Hex            41%        N/A       4%          3
 Dazzling Flash           Conj/Hex       82%        N/A       4%          3
 Fugue of the Fallen      Necr           41%        N/A       4%          3
 Mephitic Cloud           Conj/Alch/Air  41%        N/A       4%          3
 Sigil of Binding         Hex            41%        N/A       4%          3
 Swiftness                Air            41%        N/A       4%          3
 Tukima's Dance           Hex            41%        N/A       4%          3
 Dimensional Bullseye     Hex/Tloc       28%        N/A       6%          4
 Iskenderun's Mystic Bla  Conj/Tloc      57%        2d12      6%          4
 Vhi's Electric Charge    Tloc/Air       100%       N/A       6%          4
 Haunt                    Necr/Summ      51%        N/A       9%          7
 Spellforged Servitor     Conj/Summ      51%        N/A       9%          7
 Anguish                  Hex/Necr       20%        N/A       14%         4
 Animate Dead             Necr           41%        N/A       14%         4
 Cause Fear               Hex            20%        N/A       14%         4
 Dispel Undead            Necr           41%        3d16      14%         4
 Flame Wave               Conj/Fire      41%        2d11      14%         4
 Fulminant Prism          Conj/Alch      20%        3d12      14%         4
 Freezing Cloud           Conj/Ice/Air   28%        6-21      17%         5
 Arcjolt                  Conj/Air       20%        1d30      36%         5
 Borgnjor's Vile Clutch   Necr/Erth      20%        N/A       36%         5
 Fireball                 Conj/Fire      20%        3d10      36%         5
 Irradiate                Conj/Alch      20%        3d18      36%         5
 Iskenderun's Battlesphe  Conj           41%        2d9       36%         5
 Lee's Rapid Deconstruct  Erth           20%        3d12*     36%         5
 Silence                  Hex/Air        20%        N/A       36%         5
 Yara's Violent Unravell  Hex/Alch       20%        3d9       36%         5
 Dispersal                Tloc           34%        N/A       38%         6
 Bombard                  Conj/Erth      20%        9d4       91%         6
 Death Channel            Necr           20%        N/A       91%         6
 Eringya's Noxious Bog    Alch           20%        4d6       91%         6
 Plasma Beam              Fire/Air       20%        2x1d32    91%         6
 Starburst                Conj/Fire      20%        6d7       91%         6
 Orb of Destruction       Conj           20%        9d8       100%        7
 Borgnjor's Revivificati  Necr           20%        N/A       100%        8
 Disjunction              Tloc           34%        N/A       100%        8
 Infestation              Necr           20%        N/A       100%        8
 Lehudib's Crystal Spear  Conj/Erth      20%        10d6      100%        8
 Maxwell's Capacitive Co  Air            20%        ∞         100%        8
 Chain Lightning          Conj/Air       20%        3d27      100%        9
 Death's Door             Necr           20%        N/A       100%        9


Dungeon Overview and Level Annotations

Branches:
Dungeon (12/15) Zot: 26407  Temple (1/1) D:4 Zot: 5998    Lair (5/5) D:11 Zot: 24766
 Shoals (4/4) Lair:3 Zot: 23317   Snake (4/4) Lair:2 Zot: 22618   Slime (3/5) Lair:5 Zot: 17921
    Orc (2/2) D:12 Zot: 11339     Elf (3/3) Orc:2 Zot: 16514  Bailey (visited)
  IceCv (visited)

Altars:
Cheibriados
Dithmenos
Elyvilon
Fedhas
Gozag
Hepliaklqana
Kikubaaqudgha
Makhleb
Nemelex Xobeh
Okawaru
Qazlal
Ru
Sif Muna
Trog
Uskayaw
Vehumet
Wu Jian
Xom
Yredelemnul
Zin
The Shining One
Jiyva

Shops:
D:4 ?   D:6 ?   D:7 =**(   D:9 :   D:10 *   Orc:1 =   Orc:2 (***   Elf:3 *
Snake:2 !*((   Snake:3 =:=

Annotations:
D:3 Sigmund
D:4 exclusion: ogre
D:6 boots
D:8 1 exclusion
D:10 3 runed translucent doors, lDtest's ghost, journeyman DrCj
Lair:1 3 runed translucent doors, 7tar4e's ghost, journeyman DrSh
Lair:2 snake
Snake:2 2 transporters, Zonian's ghost, adept HOFi


Innate Abilities, Weirdness & Mutations

You have razor-sharp teeth.
Your natural rate of healing is unusually fast.
When hurt, damage is shared between your health and your magic reserves.
Your bite disrupts and absorbs the magic of your enemies.
Potions cannot restore your health.


Message History

The bolt of dispelling energy hits the azure jelly!
The azure jelly hits your quicksilver dragon but does no damage.
The azure jelly hits your quicksilver dragon.
The azure jelly freezes your quicksilver dragon!!!
The azure jelly hits your quicksilver dragon! x2
A slime creature merges with something you can't see.
A slime creature comes into view.
A slime creature comes into view.
Unknown command.
The rockslime is hit by a branch!
A root smacks the slime creature from below!! x2
Your quicksilver dragon bites the azure jelly.
Your quicksilver dragon claws the azure jelly.
The azure jelly hits your quicksilver dragon!
The azure jelly freezes your quicksilver dragon!!
Your quicksilver dragon dies!
Your quicksilver dragon's corpse disappears in a puff of smoke!
The rockslime barely misses your golden dragon.
Your dryad calls out to the forest.
Vines fly forth from the trees!
Something hits your golden dragon but does no damage.
Something hits your snaplasher vine but does no damage.
Unknown command.
A slime creature comes into view.
A dragon arrives to answer your call!
Trunks creak and shift.
The rockslime is hit by a branch!
The slime creature is hit by a branch!
A tree reaches out and hits the slime creature!
A root smacks the slime creature from below!
A root smacks the slime creature from below!!
The rockslime hits your snaplasher vine!
Your quicksilver dragon breathes dispelling energy at the slime creature.
The bolt of dispelling energy hits the slime creature!!
Your snaplasher vine hits something!
Your snaplasher vine hits the slime creature!
The slime creature barely misses your quicksilver dragon.
A slime creature comes into view.
Something hits your snaplasher vine.
Something closely misses your snaplasher vine.
A slime creature comes into view.
A dragon arrives to answer your call!
The slime creature is hit by a branch!!
A root smacks the rockslime from below!
A tree reaches out and hits the slime creature!
The slime creature is hit by a branch!
Your quicksilver dragon bites the slime creature!
Your quicksilver dragon claws the slime creature!
The rockslime hits your snaplasher vine!!!
Your snaplasher vine is destroyed!
Your golden dragon breathes poison at the azure jelly.
Your snaplasher vine hits the slime creature!
A slime creature merges with something you can't see.
Your shadow dragon bites the slime creature!
Your shadow dragon claws the slime creature! x2
The slime creature dies!
Sif Muna accepts your kill.
The slime creature barely misses your snaplasher vine.
Your quicksilver dragon bites the slime creature!
The slime creature dies!
Sif Muna accepts your kill.
The slime creature is hit by a branch!!
The slime creature dies!
Sif Muna accepts your kill.
A root smacks the slime creature from below!
The slime creature is hit by a branch!!
An azure jelly comes into view.
Your snaplasher vine hits the slime creature!
Your golden dragon bites the slime creature!
Your golden dragon claws the slime creature.
Your golden dragon tramples the slime creature.
The slime creature holds its ground!
Your quicksilver dragon bites the rockslime.
Your quicksilver dragon completely misses the rockslime.
The slime creature barely misses your golden dragon.
The rockslime hits your quicksilver dragon!!
Your quicksilver dragon holds its ground!
The slime creature hits something but does no damage.
The azure jelly misses you. The azure jelly hits you.
The azure jelly freezes you!!! The azure jelly hits you.
The azure jelly hits you but does no damage.
The slime creature hits your snaplasher vine!!
A slime creature comes into view.
The slime creature quivers.
A dragon arrives to answer your call!
A root smacks the slime creature from below!
A tree reaches out and hits the azure jelly!!
A root smacks the rockslime from below!!
The rockslime dies!
Sif Muna accepts your kill.
The slime creature is hit by a branch!!
Your snaplasher vine hits something!
Your golden dragon bites the slime creature!!
The slime creature dies!
Sif Muna accepts your kill.
The azure jelly attacks as it pursues you!
The azure jelly hits you. The azure jelly freezes you!!
The azure jelly hits you.
* * * LOW HITPOINT WARNING * * *
The azure jelly freezes you!!
* * * LOW HITPOINT WARNING * * *
The azure jelly hits you!
You die...

...... ......
...........J### .
..........D..#
.#.♣....>........ .
..............wJ#..
....♣.♣.♣.....♣J..
..............♣J♣
.......○○○J.....♣
..♣.JD@J☼♣R.J.#
.......○○○.....♣..
...J...○..<........
....D♣○...........#
......○♣.....♣...♣#
.....D.♣..<.......#
.......#♣....^..♣..
..#.... ♣♣........#
#...♣♣.##


You could see 2 azure jellies, 3 slime creatures, a friendly shadow dragon
(summoned), 2 friendly golden dragons, a friendly quicksilver dragon (summoned)
and a friendly snaplasher vine.

Vanquished Creatures
  A hydra (Lair:3)
  An anaconda (Snake:2)
  A two-headed ogre (D:9)
  A dancing weapon (Elf:1)
  A naga ritualist (Snake:4)
  2 orc knights
  An oklob plant (Lair:3)
  A necromancer (Lair:5)
  A deep elf zephyrmancer (Elf:1)
  A salamander (Snake:4)
  2 elephants (Lair:5)
  A merfolk siren (Shoals:1)
  3 black mambas
  2 cane toads
  A kobold demonologist (D:7)
  A wind drake (Shoals:1)
  A merfolk (Shoals:2)
  A nameless horror (D:11)
  A troll (D:11)
  A spectral elephant (Lair:5)
  2 blink frogs (Lair:2)
  An air elemental (Elf:3)
  A vampire (D:10)
  A water elemental (Shoals:1)
  2 wyverns
  A fire elemental (Elf:1)
  21 yaks
  2 wargs
  A steam dragon (D:7)
  4 nagas
  3 water moccasins
  11 orc warriors
  A sky beast (D:8)
  3 ogres (Orc:1)
  5 wolves
  3 centaurs
  A kobold brigand (D:8)
  4 bullfrogs
  A gnoll sergeant (D:6)
  2 scorpions
  5 wights
  6 killer bees
  A bombardier beetle (D:6)
  A hound (D:4)
  8 orc priests
  An iguana (D:7)
  A sleepcap (D:7)
  6 orc wizards
  2 hell rats (Lair:2)
  7 gnolls
  3 adders
  A shadow imp (D:6)
  A white imp (D:7)
  2 ribbon worms
  26 orcs
  2 endoplasms
  A giant cockroach (D:1)
  3 goblins
  3 jackals (D:4)
  4 ball pythons
  A bat (D:3)
  17 kobolds
  2 rats
199 creatures vanquished.

Vanquished Creatures (collateral kills)
  Vashnia (Snake:2)
  Nikola (Snake:2)
  Rupert (Lair:5)
  Mlioglotl (Shoals:3)
  2 deep elf blademasters (Elf:3)
  2 deep elf master archers (Elf:3)
  Asterion (Elf:3)
  An acid blob (Slime:1)
  Gastronok (Lair:1)
  Kirke (Lair:5)
  5 nagarajas
  Aizul (Snake:2)
  A rockslime (Slime:3)
  4 deep elf sorcerers
  6 deep elf elementalists (Elf:3)
  7 deep elf demonologists (Elf:3)
  8 deep elf death magi (Elf:3)
  Azrael (Elf:1)
  6 deep elf annihilators (Elf:3)
  2 dire elephants
  7 merfolk impalers
  5 merfolk javelineers
  3 deep elf high priests (Elf:3)
  5 salamander tyrants (Snake:4)
  Fannar (D:11)
  2 merfolk avatars
  6 hydras
  Erolcha (D:12)
  7 anacondas
  3 merfolk aquamancers
  A boulder beetle (Lair:3)
  12 dancing weapons
  13 naga warriors
  A two-headed ogre (Orc:2)
  4 death yaks
  2 satyrs
  15 naga sharpshooters
  The ghost of Skimidon the Fighter, a novice OnAr of Trog (D:6)
  4 shock serpents
  5 orc high priests
  2 spectral death yaks (Lair:5)
  5 skysharks
  10 deep elf knights
  7 salamander mystics
  A spectral anaconda (Lair:5)
  5 sea snakes
  10 naga ritualists
  14 mana vipers
  An obsidian statue (Lair:5)
  11 deep elf archers
  2 necromancers (Lair:5)
  14 deep elf zephyrmancers
  10 harpies
  16 deep elf pyromancers
  11 fauns
  3 orc sorcerers
  4 manticores
  3 cyclopes
  7 guardian serpents
  23 salamanders
  43 black mambas
  6 merfolk sirens
  An eye of devastation (shapeshifter) (Elf:3)
  11 elephants
  15 naga magi
  2 torpor snails (Lair:3)
  14 cane toads
  2 water nymphs
  A dire elephant zombie (Lair:5)
  A dire elephant skeleton (Lair:5)
  2 rime drakes
  A freezing wraith (IceCv)
  11 komodo dragons
  2 ice devils (Lair:2)
  A wind drake (Shoals:1)
  17 merfolk
  3 polar bears
  3 snapping turtles
  A dream sheep (Lair:3)
  36 blink frogs
  26 slime creatures
  2 shadows
  46 yaks
  2 wyverns
  5 basilisks
  2 steam dragons (Lair:3)
  5 water elementals
  5 fire elementals
  2 hogs (Lair:5)
  4 vampire mosquitoes (D:12)
  2 death yak simulacra
  4 wargs
  2 spectral cane toads (Lair:5)
  49 nagas
  10 water moccasins
  6 nameless horrors
  5 hell hounds (Elf:1)
  24 orc warriors
  A black bear (D:8)
  An elephant zombie (Lair:5)
  4 ogres
  11 wolves
  2 elephant skeletons (Lair:5)
  3 centaurs
  2 kobold brigands
  6 bullfrogs
  A scorpion (D:7)
  4 earth elementals
  11 wights
  A cane toad simulacrum (IceCv)
  3 elephant simulacra (Lair:5)
  2 killer bees (D:11)
  An electric eel (Lair:4)
  6 jellies
  A gnoll bouda (D:8)
  26 orc priests
  24 orc wizards
  4 hell rats (Lair:2)
  A wolf simulacrum (IceCv)
  4 gnolls
  A white imp (D:8)
  36 orcs
  3 endoplasms (Lair:5)
  2 goblins (Bailey)
  15 kobolds
  A snaplasher vine (Shoals:3)
  A spectral weapon (Elf:3)
862 creatures vanquished.

Vanquished Creatures (others)
  A deep elf zephyrmancer (Elf:1)
  2 humans (Lair:5)
  An orc zombie (Orc:1)
  An orc (D:7)
  A kobold (D:7)
  27 snaplasher vines
33 creatures vanquished.

Grand Total: 1094 creatures vanquished

Notes
Turn   | Place    | Note
-------+----------+-------------------------------------------
     0 | D:1      | Flugkiller the Vine Stalker Ice Elementalist began the
                  | quest for the Orb.
     0 | D:1      | Reached XP level 1. HP: 9/9 MP: 4/4
    41 | D:2      | Reached XP level 2. HP: 7/13 MP: 0/6
   104 | D:3      | Noticed Sigmund
   119 | D:3      | Found a stormy altar of Qazlal.
   120 | D:3      | Noticed an earth elemental
   122 | D:3      | Noticed a water elemental
   122 | D:3      | Noticed a fire elemental
   122 | D:3      | Noticed an air elemental
   198 | D:3      | Noticed a phantom
   212 | D:3      | Found an opulent altar of Gozag.
   244 | D:2      | Reached XP level 3. HP: 13/16 MP: 4/8
   260 | D:2      | Learned a level 3 spell: Frozen Ramparts
   264 | D:2      | Learned a level 3 spell: Ozocubu's Armour
   365 | D:3      | Found a glowing golden altar of the Shining One.
   463 | D:4      | Noticed an ogre
   487 | D:4      | Reached XP level 4. HP: 21/21 MP: 8/10
   493 | D:4      | Found Loateq's Magic Scroll Boutique.
   496 | D:4      | Noticed a scorpion
   502 | D:4      | Killed a scorpion
   503 | D:4      | Reached skill level 5 in Ice Magic
   503 | D:4      | Reached XP level 5. HP: 16/24 MP: 2/11
   607 | D:4      | Found a staircase to the Ecumenical Temple.
   616 | Temple   | Entered the Ecumenical Temple
   803 | D:5      | Entered Level 5 of the Dungeon
   838 | D:5      | Identified a scroll of acquirement
   838 | D:5      | Acquired 1105 gold pieces
   890 | D:4      | Bought a scroll of revelation for 97 gold pieces
   890 | D:4      | Bought a scroll of summoning for 123 gold pieces
   890 | D:4      | Bought a scroll of blinking for 97 gold pieces
   890 | D:4      | Bought a scroll of identify for 26 gold pieces
   890 | D:4      | Bought a scroll of identify for 26 gold pieces
   890 | D:4      | Bought a scroll of identify for 26 gold pieces
   890 | D:4      | Bought a scroll of identify for 26 gold pieces
   918 | D:5      | Found a burning altar of Makhleb.
   918 | D:5      | Noticed a blizzard demon
  1007 | D:6      | Found a shimmering altar of Xom.
  1007 | D:6      | Noticed an angel
  1008 | D:6      | Found a glowing silver altar of Zin.
  1008 | D:6      | Noticed a steam dragon
  1033 | D:6      | Found Hiedweng's Magic Scroll Shoppe.
  1041 | D:6      | Bought a scroll of poison for 40 gold pieces
  1041 | D:6      | Bought a scroll of teleportation for 30 gold pieces
  1064 | D:6      | Found a shimmering blue altar of Sif Muna.
  1105 | D:6      | Became a worshipper of Sif Muna the Loreminder
  1110 | D:6      | Learned a level 3 spell: Summon Ice Beast
  1128 | D:6      | Reached XP level 6. HP: 15/28 MP: 1/14
  1134 | D:6      | Found a runed translucent gate.
  1134 | D:6      | Found a runed translucent gate.
  1135 | D:6      | Found a runed translucent gate.
  1135 | D:6      | Noticed an orc warrior
  1135 | D:6      | Noticed Skimidon's ghost (novice OnAr)
  1136 | D:6      | Noticed an orc warrior
  1248 | D:6      | Reached skill level 5 in Spellcasting
  1289 | D:7      | Noticed a water moccasin
  1296 | D:7      | Killed a water moccasin
  1297 | D:7      | Reached XP level 7. HP: 32/32 MP: 4/17
  1336 | D:6      | Reached skill level 1 in Summonings
  1385 | D:7      | Found Wepiefyl's Weapon Shop.
  1415 | D:7      | Reached skill level 2 in Summonings
  1419 | D:7      | Noticed a kobold demonologist
  1423 | D:7      | Noticed a kobold demonologist
  1427 | D:7      | Killed a kobold demonologist
  1428 | D:7      | Reached skill level 4 in Summonings
  1428 | D:7      | Gained mutation: You have razor-sharp teeth. [Vine Stalker
                  | growth]
  1428 | D:7      | Reached XP level 8. HP: 36/36 MP: 9/19
  1429 | D:7      | Noticed a smoke demon
  1431 | D:7      | Noticed a sun demon
  1485 | D:7      | Found a flagged portal.
  1497 | Bailey   | Entered a bailey
  1563 | Bailey   | Noticed an orc knight
  1593 | Bailey   | Reached skill level 5 in Summonings
  1683 | Bailey   | Killed an orc knight
  1684 | Bailey   | Reached skill level 6 in Summonings
  1684 | Bailey   | Reached XP level 9. HP: 39/39 MP: 21/21
  1689 | Bailey   | Reached * piety under Sif Muna
  1722 | Bailey   | Reached skill level 7 in Summonings
  1894 | D:7      | Learned a level 5 spell: Summon Forest
  1901 | D:7      | Learned a level 6 spell: Summon Cactus Giant
  1917 | D:7      | Found a white marble altar of Elyvilon.
  1930 | D:7      | Found a blossoming altar of Fedhas.
  2013 | D:7      | Found a sparkling altar of Nemelex Xobeh.
  2137 | D:8      | Identified the +3 leather armour "Zujy" {rElec rC++}
  2139 | D:8      | Reached skill level 8 in Summonings
  2153 | D:8      | Reached ** piety under Sif Muna
  2340 | D:7      | Found Kofour's Jewellery Shoppe.
  2384 | D:7      | Reached skill level 1 in Translocations
  2389 | D:7      | Found Fedui's Assorted Antiques.
  2423 | D:7      | Found Filixt's Assorted Antiques.
  2427 | D:7      | Bought 2 sapphire potions for 48 gold pieces
  2533 | D:8      | Reached skill level 9 in Summonings
  2538 | D:8      | Reached XP level 10. HP: 44/44 MP: 13/24
  2691 | D:7      | Bought a +6 ring of intelligence for 576 gold pieces
  3005 | D:9      | Noticed a two-headed ogre
  3015 | D:9      | Reached skill level 10 in Summonings
  3045 | D:9      | Killed a two-headed ogre
  3046 | D:9      | Reached skill level 10 in Spellcasting
  3046 | D:9      | Reached skill level 1 in Fighting
  3088 | D:9      | Found Fuuckiac's Book Boutique.
  3290 | D:6      | Killed Skimidon's ghost
  3290 | D:6      | Reached *** piety under Sif Muna
  3313 | D:6      | Reached skill level 11 in Summonings
  3322 | D:6      | Identified the +2 pair of boots of the Contumacious God
                  | {+Inv Int+4 Slay+3 Stlth+}
  3489 | D:9      | Reached XP level 11. HP: 52/52 MP: 20/26
  3547 | D:10     | Entered Level 10 of the Dungeon
  3595 | D:10     | Found an opulent altar of Gozag.
  3596 | D:10     | Found a runed translucent gate.
  3597 | D:10     | Found a runed translucent gate.
  3597 | D:10     | Found a runed translucent gate.
  3598 | D:10     | Found Tonogyopn's Assorted Antiques.
  3599 | D:10     | Noticed lDtest's ghost (journeyman DrCj)
  3599 | D:10     | Noticed a manticore
  3600 | D:10     | Noticed a boulder beetle
  3600 | D:10     | Noticed a two-headed ogre
  3694 | D:10     | Found a snail-covered altar of Cheibriados.
  3841 | D:11     | Reached skill level 1 in Invocations
  3873 | D:11     | Noticed Fannar
  3888 | D:11     | Killed Fannar
  3894 | D:11     | Reached **** piety under Sif Muna
  3955 | D:11     | Noticed a cyclops
  3970 | D:11     | Found a staircase to the Lair.
  3982 | D:11     | Killed a cyclops
  3983 | D:11     | Reached skill level 5 in Invocations
  4002 | Lair:1   | Entered Level 1 of the Lair of Beasts
  4034 | Lair:1   | Identified the +0 robe of Xiopneid {rElec Str-5 Int+2
                  | Archmagi}
  4050 | Lair:1   | Noticed Gastronok
  4065 | Lair:1   | Killed Gastronok
  4082 | Lair:1   | Reached XP level 12. HP: 58/58 MP: 13/27
  4150 | Lair:2   | Reached skill level 12 in Summonings
  4219 | Lair:2   | Found a frozen archway.
  4239 | IceCv    | Entered an ice cave
  4251 | IceCv    | Found a transporter.
  4264 | IceCv    | Found a transporter.
  4318 | Lair:2   | Reached skill level 5 in Fighting
  4357 | Lair:2   | Reached ***** piety under Sif Muna
  4360 | Lair:2   | Received a gift from Sif Muna
  4361 | Lair:2   | Got Sif Muna's Writings on the Legion and the Compass {god
                  | gift}
  4426 | Lair:2   | Found a staircase to the Snake Pit.
  4569 | Lair:1   | Noticed a nine-headed hydra
  4570 | Lair:1   | Found a runed translucent gate.
  4576 | Lair:1   | Found a runed translucent gate.
  4576 | Lair:1   | Found a runed translucent gate.
  4577 | Lair:1   | Noticed an 11-headed hydra
  4578 | Lair:1   | Noticed 7tar4e's ghost (journeyman DrSh)
  4608 | Lair:1   | Reached skill level 13 in Summonings
  4659 | Lair:2   | Noticed a skyshark
  4665 | Lair:2   | Killed a skyshark
  4666 | Lair:2   | Reached XP level 13. HP: 65/65 MP: 18/29
  4950 | Lair:5   | Entered Level 5 of the Lair of Beasts
  5125 | Lair:3   | Noticed a dire elephant
  5131 | Lair:3   | Reached skill level 14 in Summonings
  5135 | Lair:3   | Killed a dire elephant
  5194 | Lair:3   | Reached skill level 15 in Summonings
  5492 | Lair:3   | Reached skill level 16 in Summonings
  5696 | Lair:4   | Reached XP level 14. HP: 52/70 MP: 22/31
  5752 | Lair:5   | Received a gift from Sif Muna
  5753 | Lair:5   | Got Ejo Xock's Secrets of Wild Maleficia {god gift}
  5760 | Lair:5   | Reached skill level 17 in Summonings
  5834 | Lair:5   | Noticed Kirke
  5840 | Lair:5   | Killed Kirke
  5973 | Lair:5   | Found a staircase to the Slime Pits.
  5974 | Lair:5   | Found a viscous altar of Jiyva.
  6005 | Lair:5   | Noticed Rupert
  6018 | Lair:5   | Killed Rupert
  6019 | Lair:5   | Reached skill level 18 in Summonings
  6134 | Lair:5   | Noticed a dire elephant
  6232 | Lair:5   | Identified the +6 glaive of Ignis's Hope {chaos, rPois rF+}
  6385 | Lair:5   | Reached skill level 19 in Summonings
  6455 | Lair:5   | Killed a dire elephant
  6456 | Lair:5   | Reached XP level 15. HP: 73/73 MP: 22/32
  6481 | Lair:5   | Got an earthy gem with 1246 turns to spare
  6587 | Lair:5   | Found an ornate altar of the Wu Jian Council.
  7051 | D:12     | Reached skill level 20 in Summonings
  7087 | D:12     | Found a staircase to the Orcish Mines.
  7106 | Orc:1    | Entered Level 1 of the Orcish Mines
  7123 | Orc:1    | Received a gift from Sif Muna
  7124 | Orc:1    | Got Nesunnost's Grimoire of Conjury {god gift}
  7180 | Orc:2    | Entered Level 2 of the Orcish Mines
  7302 | Orc:1    | Found Cecakute's Jewellery Emporium.
  7491 | Orc:2    | Found Eskiurch's Antique Weapon Emporium.
  7491 | Orc:2    | Found Limanuz's Assorted Antiques.
  7493 | Orc:2    | Found Duyqe's General Store.
  7495 | Orc:2    | Found Waupn's General Store.
  7519 | Orc:2    | Bought a scroll of fear for 48 gold pieces
  7519 | Orc:2    | Bought a potion of brilliance for 48 gold pieces
  7520 | Orc:2    | Bought a scroll labelled WEBOYRASIDGH for 30 gold pieces
  7524 | Orc:2    | Bought a scroll of blinking for 112 gold pieces
  7578 | Orc:2    | Found a staircase to the Elven Halls.
  7637 | D:12     | Noticed Erolcha
  7646 | D:11     | Learned a level 3 spell: Passwall
  7656 | D:11     | Learned a level 9 spell: Dragon's Call
  7792 | D:7      | Bought a ring of wizardry for 480 gold pieces
  8008 | Snake:1  | Entered Level 1 of the Snake Pit
  8022 | Snake:1  | Received a gift from Sif Muna
  8024 | Snake:1  | Reached skill level 21 in Summonings
  8075 | Snake:1  | Found a shimmering altar of Xom.
  8206 | Snake:2  | Reached XP level 16. HP: 60/77 MP: 11/33
  8238 | Snake:2  | Identified the +1 pair of gloves of Starshine {rElec rN+
                  | Slay+3}
  8238 | Snake:2  | Noticed Nikola
  8244 | Snake:2  | Killed Nikola
  8307 | Snake:1  | Reached skill level 22 in Summonings
  8329 | Snake:2  | Found Sonu's Assorted Antiques.
  8331 | Snake:2  | Found Jurus's Weapon Boutique.
  8331 | Snake:2  | Found Higranomp's Distillery.
  8334 | Snake:2  | Found Qoessig's Weapon Boutique.
  8364 | Snake:2  | Identified the +5 orcbow of Responsibility {elec, rPois
                  | MP+9 Str+3}
  8377 | Snake:2  | Found a transporter.
  8379 | Snake:2  | Found a transporter.
  8379 | Snake:2  | Noticed Zonian's ghost (adept HOFi)
  8456 | Snake:2  | Noticed Vashnia
  8461 | Snake:2  | Noticed a nagaraja
  8462 | Snake:2  | Killed Vashnia
  8464 | Snake:2  | Killed a nagaraja
  8514 | Snake:2  | Identified the serpent talisman of the Sky {rC+}
  8514 | Snake:2  | Noticed Aizul
  8520 | Snake:2  | Killed Aizul
  8522 | Snake:2  | Noticed a nagaraja
  8525 | Snake:2  | Killed a nagaraja
  8584 | Snake:3  | Reached skill level 23 in Summonings
  8625 | Snake:3  | Received a gift from Sif Muna
  8626 | Snake:3  | Got Sif Muna's Parchment of the Nimbus and Accomplices {god
                  | gift}
  8821 | Snake:4  | Entered Level 4 of the Snake Pit
  8848 | Snake:4  | Reached skill level 24 in Summonings
  8848 | Snake:4  | Reached XP level 17. HP: 79/81 MP: 27/34
  8989 | Snake:4  | Reached skill level 10 in Invocations
  9105 | Snake:4  | Got a jade gem with 1265 turns to spare
  9138 | Snake:4  | Got a serpentine rune of Zot
  9210 | Snake:3  | Found Dolashub's Book Emporium.
  9211 | Snake:3  | Found Wikhy's Jewellery Boutique.
  9213 | Snake:3  | Found Remm's Jewellery Boutique.
  9433 | Lair:3   | Found a staircase to the Shoals.
  9438 | Shoals:1 | Entered Level 1 of the Shoals
  9444 | Shoals:1 | Received a gift from Sif Muna
  9445 | Shoals:1 | Got Sif Muna's Vellum of the Throng {god gift}
  9530 | Shoals:2 | Reached XP level 18. HP: 63/86 MP: 12/37
  9632 | Shoals:3 | Noticed Mlioglotl
  9636 | Shoals:3 | Killed Mlioglotl
  9640 | Shoals:3 | Reached skill level 15 in Spellcasting
  9813 | Shoals:4 | Entered Level 4 of the Shoals
  9849 | Shoals:4 | Got a barnacled rune of Zot
  9851 | Shoals:4 | Got an azure gem with 1289 turns to spare
  9921 | Shoals:2 | Reached skill level 5 in Dodging
 10108 | D:12     | Killed Erolcha
 10163 | Elf:1    | Entered Level 1 of the Elven Halls
 10192 | Elf:1    | Noticed Azrael
 10209 | Elf:1    | Killed Azrael
 10209 | Elf:1    | Received a gift from Sif Muna
 10210 | Elf:1    | Got Omoryhoaha's Tome of the Elliptic Dragon {god gift}
 10341 | Elf:1    | Learned a level 4 spell: Passage of Golubria
 10545 | Elf:1    | Reached skill level 1 in Shapeshifting
 10637 | Elf:2    | Reached XP level 19. HP: 95/95 MP: 33/40
 10646 | Elf:3    | Entered Level 3 of the Elven Halls
 10863 | Elf:2    | Identified the +5 ring mail of the Goldsmith {^Drain rN+
                  | Int+5}
 10893 | Elf:1    | Found a radiant altar of Vehumet.
 11017 | Elf:3    | Found Danudeso's General Store.
 11020 | Elf:3    | Bought a scroll of teleportation for 48 gold pieces
 11132 | Elf:3    | Received a gift from Sif Muna
 11133 | Elf:3    | Got Sif Muna's Tractate on Ironbound Bombardment {god gift}
 11154 | Elf:3    | Noticed Asterion
 11229 | Elf:3    | Reached skill level 5 in Shapeshifting
 11232 | Elf:3    | Killed Asterion
 11232 | Elf:3    | Noticed an Ice Fiend
 11340 | Elf:3    | Identified the staff of Courage {rF+ Earth}
 11347 | Elf:3    | Got a shimmering gem with 621 turns to spare
 11367 | Elf:3    | Identified the ring of Xanlemam {rPois rCorr Str+4 Int-5
                  | Slay+5}
 11397 | Elf:3    | Identified the granite talisman "Tethipro" {Str+5}
 11429 | Elf:3    | Identified the +4 ring mail "Hulimn" {rCorr Str+7 Dex-4
                  | SInv}
 11456 | Elf:3    | Identified the staff "Aneanaom" {Will++ Dex+5 Earth}
 11820 | Slime:1  | Entered Level 1 of the Pits of Slime
 11886 | Slime:3  | HP: 1/98 [azure jelly (26)]
 11886 | Slime:3  | Slain by an azure jelly

Illustrated notes

Levels and vault maps discovered:
D:1:      heliophobic_arrival_battle_scene, layout_basic,
          shapermc_ecumenical_altar_petra
D:2:      layout_basic
D:3:      layout_basic, mainiacjoe_overflow_tiny_flanked,
          nicolae_qazlal_style_of_elements, nicolae_gozag_seed_capital,
          uniq_sigmund
D:4:      layout_basic, vehumet_altar_wand_db, lemuel_temple_firewalk_b,
          serial_shops, shop
D:5:      layout_gridville, makhleb_altar_promises_db
D:6:      layout_loops_ring, nicolae_sif_muna_condensation,
          grunt_temple_overflow_order_and_chaos_1, serial_shops,
          nicolae_diamond_shop, biasface_ghost_orc_armoury,
          minmay_splitting_lines
D:7:      layout_basic, nicolae_elyvilon_peaceful_grove,
          fedhas_bush_and_centaur_altar, nemelex_altar_shiori,
          mainiacjoe_overflow_24_doors, enter_bailey_6, serial_shops, shop,
          nicolae_square_shop, shop, nicolae_shop_crystal, shop
D:8:      kennysheep_steamy, layout_rooms, minivault_10
D:9:      layout_basic, serial_shops, nicolae_shop_hallway_stairs
D:10:     dpeg_index_elf_rogue_hall, layout_loops_corners,
          overflow_temple_1_default, ebering_ghost_gozag, moated_statue,
          uniq_psyche
D:11:     layout_basic, erik_lair_orcish_takeover, uniq_fannar
D:12:     layout_irregular_city, david_orc_3, uniq_erolcha
Temple:   hellmonk_temple_forest_ring
Lair:1:   layout_hall_layers, gammafunk_ghost_hydra_chop, uniq_gastronok
Lair:2:   layout_chaotic_city, minmay_snake_entry_guardpost_medium,
          portal_ice_cave_demonic_guard, grunt_megastairs_2
Lair:3:   nzn_winding_woodlands_stair_cross [nzn_winding_woodlands_5x15_garden,
          nzn_winding_woodlands_center_pierced_h,
          nzn_winding_woodlands_5x15_eye, nzn_winding_woodlands_hourglass,
          nzn_winding_woodlands_5x5_closed_star,
          nzn_winding_woodlands_5x15_pathside_ponds,
          nzn_winding_woodlands_center_triple_pond,
          nzn_winding_woodlands_5x15_jagged], layout_small_grid,
          shoals_dummy_entry
Lair:4:   layout_gridlike, hangedman_lair_unloving_vines
Lair:5:   due_jungle_book, layout_cave_pods, nicolae_slime_entry_slimehenge,
          basic_altar, dreamdust_deal_with_the_devil, uniq_kirke, uniq_rupert
Shoals:1: layout_shoals
Shoals:2: layout_shoals, st_sunken_huts
Shoals:3: layout_shoals, uniq_mlioglotl
Shoals:4: shoals_end_simple, layout_shoals, nicolae_shoals_kraken_party,
          uniq_louise
Snake:1:  layout_rooms, basic_altar, serial_bayou_ford_a,
          serial_library_hellmonk_open_square
Snake:2:  layout_misc_corridors, gammafunk_ghost_arena,
          nicolae_snake_gridmaze_waves, nicolae_triple_integral,
          minmay_shoptagon, uniq_nikola, uniq_vashnia, uniq_aizul
Snake:3:  layout_misc_corridors, basic_altar, grunt_megastairs_4,
          minmay_shop_grove, lemuel_fruit_tree
Snake:4:  johnstein_snake_rune_scales, layout_onion_interference,
          grunt_megastairs_1, serial_bayou_shore_a, serial_bayou_shore_b
Slime:1:  layout_caves
Slime:2:  layout_caves
Slime:3:  layout_caves
Orc:1:    lemuel_ogre_cave, layout_caves, basic_altar, serial_shops, shop
Orc:2:    st_orc_mages, layout_caves, minmay_orc_treasury
Elf:1:    elf_arrival_002, layout_loops_corners,
          hangedman_elven_crosses_minicolossus, lemuel_upstairs_altar,
          uniq_azrael
Elf:2:    elven_hall_of_blades_hangedman_alternative [nicolae_blade_lattice],
          layout_rooms, eino_tiny_chamber, nicolae_elf_stair_hall, uniq_jorgrun
Elf:3:    elf_hall, layout_geoelf_grid, serial_shops, shop,
          amcnicky_mini_rare_corridor_liquid, solitary_fountain, uniq_asterion

Skill      XL: |  1  2  3  4  5  6  7  8  9 10 11 12 13 14 15 16 17 18 19 |
---------------+----------------------------------------------------------+-----
Spellcasting   | 3 4 6 7 9 10 11 12 14 16 | 16.8
Ice Magic      | 5 6 |  6.0
Summonings     | 4 6 9 11 13 16 19 21 24 | 24.0
Translocations | 2 4 |  4.0
Fighting       | 3 4 6 8 9 |  9.8
Invocations    | 8 12 | 12.0
Dodging        | 4 6 |  6.0
Shapeshifting  | 2 6 |  6.5
Stealth        | |  2.4

Action                     |  1- 3 |  4- 6 |  7- 9 | 10-12 | 13-15 | 16-18 | 19-21 || total
---------------------------+-------+-------+-------+-------+-------+-------+-------++-------
  Melee: Unarmed           |    12 |       |       |       |       |       |       ||    12
         Bite              |     7 |     1 |    24 |    56 |    78 |     9 |       ||   175
         Dagger            |    24 |    20 |    82 |   134 |    56 |       |       ||   316
         Punch             |       |       |     2 |     2 |     2 |       |       ||     6
         Glaive            |       |       |       |       |   134 |    40 |       ||   174
         Broad axe         |       |       |       |       |     9 |       |       ||     9
   Fire: Orcbow            |       |       |       |       |       |    31 |    57 ||    88
   Cast: Freeze            |    10 |     8 |    11 |       |       |       |       ||    29
         Frozen Ramparts   |       |     7 |    22 |    11 |     6 |       |       ||    46
         Summon Ice Beast  |       |     3 |    22 |    18 |     2 |       |       ||    45
         Ozocubu's Armour  |       |     1 |     6 |     6 |     1 |     5 |       ||    19
         Summon Cactus Gia |       |       |       |    22 |    46 |     4 |     5 ||    77
         Summon Forest     |       |       |       |    17 |    57 |    33 |    10 ||   117
         Passwall          |       |       |       |       |    13 |     2 |     1 ||    16
         Dragon's Call     |       |       |       |       |     3 |    24 |    11 ||    38
         Disjunction       |       |       |       |       |       |     1 |       ||     1
         Passage of Golubr |       |       |       |       |       |    14 |    34 ||    48
 Invoke: Channel Magic     |       |       |       |     3 |     6 |    30 |     9 ||    48
         Divine Exegesis   |       |       |       |       |       |     1 |       ||     1
  Evoke: Wand              |       |     9 |     8 |     2 |     6 |     2 |       ||    27
         Lightning rod     |       |       |       |       |     2 |     3 |       ||     5
    Use: Scroll            |       |    12 |     3 |     3 |     5 |     6 |     1 ||    30
         Potion            |       |       |     1 |       |       |     3 |       ||     4
   Stab: Distracted        |     1 |       |       |       |     5 |     7 |       ||    13
         Sleeping          |     1 |       |     1 |       |     1 |       |       ||     3
 Armour: Robe              |    24 |    18 |    56 |    34 |   209 |   125 |    33 ||   499
         Leather armour    |       |       |    15 |    60 |       |       |       ||    75
  Dodge: Dodged            |    23 |    27 |   115 |   136 |   300 |   106 |    18 ||   725
